 Dungeon Crawl Stone Soup version 0.27.0-1-g7a089689b8 (webtiles) character file.

Game seed: 3129927805477609841

2113 horus123 the Thaumaturge (level 9, -3/47 HPs)
             Began as a Deep Elf Ice Elementalist on Aug 3, 2021.
             Was an Elder of Kikubaaqudgha.
             Killed from afar by an orc wizard (6 damage)
             ... with a magic dart
             ... on level 8 of the Dungeon.
             The game lasted 00:46:51 (8515 turns).

horus123 the Thaumaturge (DEIE)                     Turns: 8515, Time: 00:46:54

Health: -3/47      AC: 26    Str:  5    XL:     9   Next: 8%
Magic:  7/33       EV: 14    Int: 24    God:    Kikubaaqudgha [****..]
Gold:   89         SH:  0    Dex: 20    Spells: 4/26 levels left

rFire    + . .     SeeInvis .   g - +4 short sword (protect)
rCold    x . .     Faith    .   (no shield)
rNeg     . . .     Spirit   .   K - +1 robe of Fortitude {rCorr}
rPois    .         Reflect  .   (no helmet)
rElec    .         Harm     .   G - +2 cloak of Demons {rC- Dex+5}
rCorr    +         Rampage  .   B - +2 pair of gloves
Will     .....                  x - +1 pair of boots
Stlth    +++.......             y - amulet of the acrobat
HPRegen  0.15/turn              i - ring of protection from fire
MPRegen  0.23/turn              H - ring of magical power

@: lethally poisoned (-3 -> -6), ice-armoured, under a protective aura
A: no striking features
a: Renounce Religion, Receive Corpses


You were on level 8 of the Dungeon.
You worshipped Kikubaaqudgha.
Kikubaaqudgha was greatly pleased with you.
You visited 1 branch of the dungeon, and saw 8 of its levels.

You collected 429 gold pieces.
You spent 340 gold pieces at shops.

Inventory:

Hand Weapons
 b - a +2 dagger of venom
 g - a +4 short sword of protection (weapon)
 D - a +4 great sword
 I - a +4 dagger
Armour
 x - a +1 pair of boots (worn)
 B - a +2 pair of gloves (worn)
 G - the +2 cloak of Demons (worn) {rC- Dex+5}
   (You bought it in a shop on level 6 of the Dungeon)

   Dex:       It affects your dexterity (+5).
   rC:        It makes you vulnerable to cold.
 K - the +1 robe of Fortitude (worn) {rCorr}
   (You bought it in a shop on level 6 of the Dungeon)

   rCorr:     It protects you from acid and corrosion.
Jewellery
 i - a ring of protection from fire (left hand)
 k - a ring of willpower
 y - an amulet of the acrobat (around neck)
 H - a ring of magical power (right hand)
Wands
 e - a wand of digging (3)
 s - a wand of flame (24)
 v - a wand of polymorph (8)
 E - a wand of mindburst (13)
Scrolls
 a - a scroll of enchant armour
 h - 3 scrolls of silence
 n - 5 scrolls of teleportation
 p - 2 scrolls of noise
 q - 2 scrolls of amnesia
 J - a scroll of fear
Potions
 c - 2 potions of heal wounds {unknown}
 d - a potion of brilliance {unknown}
 f - a potion of might {unknown}
 j - 3 potions of resistance {unknown}
 m - 2 potions of attraction {unknown}
 o - 2 potions of curing {unknown}
 u - 3 potions of lignification
 z - a potion of degeneration {unknown}
 A - a potion of flight {unknown}
 C - a potion of berserk rage {unknown}


   Skills:
 + Level 1.0 Fighting
 + Level 3.2 Short Blades
 + Level 4.5 Dodging
 + Level 5.0 Stealth
 + Level 9.4 Spellcasting
 * Level 3.5 Conjurations
 + Level 5.1 Necromancy
 + Level 7.1 Ice Magic


You had 4 spell levels left.
You knew the following spells:

 Your Spells              Type           Power      Damage    Failure   Level
a - Freeze                Ice            100%       1d11      1%          1
b - Frozen Ramparts       Ice            90%        1d11      1%          3
c - Ozocubu's Armour      Ice            45%        N/A       1%          3
d - Poisonous Vapours     Pois/Air       22%        N/A       9%          2
e - Animate Skeleton      Necr           72%        N/A       1%          1
f - Pain                  Necr           100%       1d9       1%          1
g - Hailstorm             Conj/Ice       36%        3d9       6%          4
h - Vampiric Draining     Necr           18%        2d8       1%          3
i - Dispel Undead         Necr           36%        3d15      7%          4

Your spell library contained the following spells:

 Spells                   Type           Power      Damage    Failure   Level
 Sublimation of Blood     Necr           18%        N/A       1%          2
 Corpse Rot               Necr/Air       N/A        N/A       3%          2
 Animate Dead             Necr           18%        N/A       7%          4
 Agony                    Necr           36%        N/A       19%         5
 Freezing Cloud           Conj/Ice/Air   14%        6-21      36%         5
 Borgnjor's Vile Clutch   Necr/Erth      11%        N/A       47%         5
 Death Channel            Necr           18%        N/A       71%         6


Dungeon Overview and Level Annotations

Branches:
Dungeon (8/15)             Temple (0/1) D:7
   Lair: D:8-11

Altars:
Dithmenos
Hepliaklqana
Kikubaaqudgha
Okawaru
Ru
Sif Muna
Xom

Shops:
D:1 [   D:4 *:   D:6 *[[

Annotations:
D:5 2 runed translucent doors
D:7 1 runed translucent door, shadowrider38's ghost, novice MiFi


Message History

Confirm with . or Enter, or press ? or * to list all spells.
Aiming: Pain (safe; 1% risk of failure)
Press: ? - help, Shift-Dir - straight line, f - orc priest
Aim: an orc priest, wielding a +0 short sword (chance to affect: 84%)
The orc priest writhes in agony.
You feel sick. Something hits you but does no damage.
Aiming: Freeze (safe; 1% risk of failure)
Press: ? - help, Q - select action, (/) - cycle Shift-Dir - straight line, p - orc priest You freeze something.
You feel very sick.
The wall freezes the orc priest!
The orc priest misses you. Something completely misses you.
Okay, then.
You puncture the orc priest!
Your weapon exudes an aura of protection.
The orc priest is almost dead.
The frozen ramparts melt away.
You feel sick.
The orc priest calls down the wrath of Beogh upon you.
Beogh smites you!
* * * LOW HITPOINT WARNING * * *
Casting: Freeze (safe; 1% risk of failure)
Confirm with . or Enter, or press ? or * to list all spells.
Aiming: Vampiric Draining (dangerous; 2% risk of failure)
Press: ? - help, Shift-Dir - straight line, f - orc priest
Aim: an orc priest, wielding a +0 short sword (almost dead)
You draw life force from the orc priest.
You kill the orc priest!
Kikubaaqudgha accepts your kill.
You feel life coursing into your body.
* * * LOW HITPOINT WARNING * * *
You feel sick. Something hits you but does no damage.
Your icy armour will break if you move.
Continue?
You barely miss something.
* * * LOW HITPOINT WARNING * * *
You feel sick.
You hear some strange, mumbled words.
A magic dart appears from out of thin air!
The magic dart hits you.
You die...
Kikubaaqudgha rasps: "You have failed me!
Welcome... death!"

########### ###
...>..#...#....
#.../{......
#..<@).)....
##.##..###.. ##
+##


There were no monsters in sight!

Vanquished Creatures
  An orc warrior (D:5)
  An ice beast (D:5)
  A sky beast (D:7)
  A necrophage (D:5)
  2 ogres
  A centaur (D:6)
  A gnoll sergeant (D:7)
  A scorpion (D:6)
  A wyvern skeleton (D:7)
  2 water moccasin skeletons
  4 killer bees (D:8)
  A wight (D:5)
  A howler monkey (D:5)
  A centaur zombie (D:6)
  A crimson imp (D:7)
  A bullfrog zombie (D:5)
  A jelly (D:5)
  3 orc priests
  A gnoll shaman (D:6)
  3 hounds
  2 centaur skeletons
  A bullfrog skeleton (D:6)
  5 orc wizards
  A scorpion zombie (D:5)
  2 iguanas (D:5)
  A hound skeleton (D:5)
  Robin (D:3)
  15 gnolls
  A howler monkey skeleton (D:6)
  5 adders
  A shadow imp (D:5)
  2 white imps
  An adder skeleton (D:4)
  2 worms
  5 dart slugs
  20 orcs
  6 endoplasms
  5 giant cockroaches
  14 goblins
  11 hobgoblins
  3 jackals (D:2)
  4 quokkas
  7 ball pythons
  A bat (D:1)
  12 frilled lizards
  5 kobolds
  8 rats
170 creatures vanquished.

Vanquished Creatures (others)
  4 plants (D:1)
4 creatures vanquished.

Grand Total: 174 creatures vanquished

Notes
Turn   | Place    | Note
-------+----------+-------------------------------------------
     0 | D:1      | horus123 the Deep Elf Ice Elementalist began the quest for
                  | the Orb.
     0 | D:1      | Reached XP level 1. HP: 10/10 MP: 6/6
     2 | D:1      | Noticed a human
     2 | D:1      | Noticed a formicid
     4 | D:1      | Noticed a palentonga
     4 | D:1      | Noticed an ogre
     6 | D:1      | Noticed a demigod
     6 | D:1      | Noticed a djinni
     8 | D:1      | Noticed a naga
     8 | D:1      | Noticed a vampire
    10 | D:1      | Noticed a troll
    12 | D:1      | Noticed a minotaur
    12 | D:1      | Noticed a tengu
    14 | D:1      | Noticed an elf
    14 | D:1      | Noticed an octopode
    16 | D:1      | Noticed a demonspawn
    18 | D:1      | Noticed a barachi
    18 | D:1      | Noticed a merfolk
    20 | D:1      | Noticed a spriggan
    20 | D:1      | Noticed a ghoul
    22 | D:1      | Noticed a vine stalker
    24 | D:1      | Noticed a gargoyle
    24 | D:1      | Noticed a felid
    26 | D:1      | Noticed a dwarf
    26 | D:1      | Noticed a draconian
   177 | D:1      | Reached XP level 2. HP: 15/15 MP: 6/8
   384 | D:1      | Found Ceta's Armour Shop.
   734 | D:1      | Reached XP level 3. HP: 19/19 MP: 1/10
   738 | D:1      | Learned a level 3 spell: Frozen Ramparts
   742 | D:1      | Learned a level 3 spell: Ozocubu's Armour
  1029 | D:1      | Reached skill level 4 in Spellcasting
  1202 | D:1      | Reached skill level 5 in Ice Magic
  2360 | D:2      | Found a faded altar of an unknown god.
  2383 | D:2      | Learned a level 2 spell: Poisonous Vapours
  2385 | D:2      | Became a worshipper of Kikubaaqudgha
  2385 | D:2      | Reached * piety under Kikubaaqudgha
  2385 | D:2      | Received a gift from Kikubaaqudgha
  2388 | D:2      | Learned a level 1 spell: Animate Skeleton
  2551 | D:3      | Reached XP level 4. HP: 24/24 MP: 12/12
  2648 | D:3      | Reached XP level 5. HP: 28/28 MP: 14/14
  2683 | D:3      | Learned a level 1 spell: Pain
  2959 | D:3      | Reached ** piety under Kikubaaqudgha
  2966 | D:3      | Noticed Robin
  2975 | D:3      | Killed Robin
  2976 | D:3      | Reached skill level 5 in Spellcasting
  3679 | D:4      | Found Erau's Book Boutique.
  3703 | D:4      | Found Ycaogion's Assorted Antiques.
  3724 | D:4      | Noticed an ogre
  3735 | D:4      | Killed an ogre
  3736 | D:4      | Reached skill level 1 in Short Blades
  3736 | D:4      | Reached XP level 6. HP: 28/32 MP: 5/16
  3856 | D:4      | Reached skill level 6 in Spellcasting
  3869 | D:4      | Learned a level 4 spell: Hailstorm
  4288 | D:5      | Entered Level 5 of the Dungeon
  4309 | D:5      | Reached XP level 7. HP: 35/37 MP: 7/18
  4501 | D:5      | Learned a level 3 spell: Vampiric Draining
  4532 | D:5      | Found a large runed translucent door.
  4535 | D:5      | Found a large runed translucent door.
  4543 | D:5      | Found a large runed translucent door.
  4543 | D:5      | Found a large runed translucent door.
  4846 | D:5      | Reached skill level 7 in Spellcasting
  4917 | D:5      | Found a hazy altar of Hepliaklqana.
  4920 | D:5      | Found a sacrificial altar of Ru.
  4923 | D:5      | Found an ancient bone altar of Kikubaaqudgha.
  4926 | D:5      | Found a shadowy altar of Dithmenos.
  5475 | D:5      | Reached *** piety under Kikubaaqudgha
  5475 | D:5      | Received a gift from Kikubaaqudgha
  5476 | D:5      | Reached skill level 1 in Conjurations
  5615 | D:5      | Reached XP level 8. HP: 36/42 MP: 3/21
  5759 | D:5      | Identified the +4 hand crossbow "Loired Qonk" {elec,
                  | Fragile rC++ Int+3 Stlth+}
  6056 | D:6      | Reached skill level 5 in Stealth
  6069 | D:6      | Reached skill level 8 in Spellcasting
  6077 | D:5      | Learned a level 4 spell: Dispel Undead
  6144 | D:6      | Reached skill level 1 in Fighting
  6345 | D:6      | Found Poso's Assorted Antiques.
  6365 | D:6      | Found Xusch's General Store.
  6495 | D:6      | Found Zaitso's Antique Armour Shop.
  6506 | D:6      | Bought a smouldering cloak for 209 gold pieces
  6506 | D:6      | Identified the +2 cloak of Demons {rC- Dex+5} (You bought
                  | it in a shop on level 6 of the Dungeon)
  6737 | D:6      | Found Xooguem's Antique Armour Shoppe.
  7483 | D:6      | Bought a tattered robe for 131 gold pieces
  7483 | D:6      | Identified the +1 robe of Fortitude {rCorr} (You bought it
                  | in a shop on level 6 of the Dungeon)
  7663 | D:7      | Found a staircase to the Ecumenical Temple.
  7825 | D:7      | Found a shimmering altar of Xom.
  7850 | D:7      | Found a shimmering blue altar of Sif Muna.
  7982 | D:7      | Noticed shadowrider38's ghost (novice MiFi)
  7983 | D:7      | Found a runed translucent door.
  8148 | D:7      | Reached skill level 5 in Necromancy
  8172 | D:7      | Found an iron altar of Okawaru.
  8503 | D:8      | Reached skill level 9 in Spellcasting
  8506 | D:8      | Reached XP level 9. HP: 30/47 MP: 18/24
  8508 | D:8      | Reached **** piety under Kikubaaqudgha
  8515 | D:8      | Killed from afar by an orc wizard

Illustrated notes

Levels and vault maps discovered:
D:1:      kb_arrival_jail, layout_loops_corners, serial_shops, shop,
          minmay_lizard_king
D:2:      minmay_recursive_quarters, layout_loops_ring, basic_ecumenical_altar,
          minmay_crystal_water
D:3:      layout_rooms, uniq_robin
D:4:      layout_rooms, serial_shops, shop, shop
D:5:      layout_basic, grunt_temple_overflow_cloverleaf,
          minmay_hollow_rounded_squares
D:6:      layout_rooms, serial_shops, shop, nicolae_square_shop, shop,
          nicolae_shop_trees
D:7:      layout_basic, old_standard_altar, marbit_many_paths,
          mainiacjoe_overflow_tiny_flanked, minmay_temple_entry_glass,
          hellmonk_ghost_happy_afterlife
D:8:      layout_gridville, uniq_psyche

Skill      XL: |  1  2  3  4  5  6  7  8 |
---------------+-------------------------+-----
Spellcasting   | 4 5 6 7 9 |  9.4
Ice Magic      | 5 6 7 |  7.1
Stealth        | 3 4 5 |  5.0
Necromancy     | 2 3 5 |  5.1
Short Blades   | 1 3 |  3.2
Dodging        | 3 4 |  4.5
Conjurations   | 1 3 |  3.5
Fighting       | 1 |  1.0

Action                   |  1- 3 |  4- 6 |  7- 9 || total
-------------------------+-------+-------+-------++-------
Melee: Dagger            |    20 |       |       ||    20
       Short sword       |    16 |    69 |   119 ||   204
 Cast: Freeze            |    41 |    19 |    46 ||   106
       Frozen Ramparts   |     4 |     9 |    13 ||    26
       Animate Skeleton  |     4 |     5 |     1 ||    10
       Ozocubu's Armour  |     2 |     5 |     9 ||    16
       Poisonous Vapours |       |     1 |       ||     1
       Pain              |       |    34 |    30 ||    64
       Hailstorm         |       |     3 |    13 ||    16
       Vampiric Draining |       |       |     8 ||     8
       Dispel Undead     |       |       |     3 ||     3
Evoke: Wand              |       |       |     3 ||     3
  Use: Scroll            |       |       |    12 ||    12
 Stab: Sleeping          |     5 |     1 |     2 ||     8
Armor: Robe              |    16 |    26 |    74 ||   116
Dodge: Dodged            |    31 |    62 |   116 ||   209
